Unix NetHack Version 5.0.0-0 post-release - last build Jun 10 2026 00:39:30 (3ee93aec679c4c4259841fe613dc97188e26a321,branch:main).

Game began 2026-06-29 23:11:50, ended 2026-06-29 23:20:34.

Jinnora, neutral female human Wizard

 ----------
 |{......<|
 |........|
 |........|     k
 |........|     #
 |........|     #
 -------.--     #
        #       #
        #       #
        #      ##
        #    ###
      ###    #
     -|----- #
     |.....| #
     |.....-##
     |.....|
     |.....|
     -------

Jinnora the Conjurer      St:9 Dx:13 Co:15 In:18 Wi:8 Ch:12  Neutral
Dlvl:4  $:74 HP:0(25) Pw:27(27) AC:9  Xp:4/81 T:1252 

Latest messages:
 You get zapped!
 You see here a tin opener.
 F - a tin opener.
 The kitten bites the grid bug.
 The grid bug is killed!
 You swap places with your kitten.
 You swap places with your kitten.
 You swap places with your kitten.
 You swap places with your kitten.
 That door is closed.
 In what direction? 2
 The door resists!
 In what direction? 2
 The door resists!
 In what direction? 2
 The door opens.
 The grid bug snaps wildly and misses!
 You swap places with your kitten.
 The kitten misses the grid bug.
 The grid bug attacks a spot beside you.
 The kitten misses the grid bug.
 The kitten misses the grid bug.
 The kitten misses it.
 The kitten bites the grid bug.
 The kitten misses the grid bug.
 The kitten misses the grid bug.
 The kitten bites the grid bug.
 The grid bug is killed!
 You hear a door open.
 You swap places with your kitten.
 You find a hidden passage.
 You swap places with your kitten.
 You stop.  Your kitten is in the way!
 You swap places with your kitten.
 You hit the floating eye.
 You are frozen by the floating eye's gaze!
 You hear bubbling water.
 The kobold hits!
 The kobold hits!
 The kobold hits!
 The kobold hits!
 The kobold hits!
 The kobold hits!
 The kobold hits!
 The kobold hits!
 The kobold hits!
 The kobold hits!
 You die...
 Do you want your possessions identified? [ynq] (y) y
 Do you want to see your attributes? [ynq] (y) q

Inventory:
 Coins    ('$')
  $ - 74 gold pieces
 Weapons  (')')
  B - an uncursed +0 dagger
  D - an uncursed +0 aklys
  a - a blessed +1 quarterstaff (weapon in hands)
 Armor    ('[')
  b - a blessed +0 cloak of magic resistance (being worn)
 Comestibles  ('%')
  o - 2 uncursed food rations
  C - an uncursed lembas wafer
  t - an uncursed pear
  u - an uncursed tripe ration
  x - 2 uncursed lichen corpses
 Scrolls  ('?')
  j - a blessed scroll of confuse monster
  i - an uncursed scroll of destroy armor
  z - an uncursed scroll of enchant armor
  k - 2 uncursed scrolls of remove curse
 Spellbooks  ('+')
  A - an uncursed spellbook of confuse monster
  l - a blessed spellbook of force bolt
  p - an uncursed spellbook of restore ability
  m - an uncursed spellbook of wizard lock
 Potions  ('!')
  h - an uncursed potion of fruit juice
  g - an uncursed potion of oil
  f - an uncursed potion of paralysis
 Rings    ('=')
  e - an uncursed ring of free action
  d - an uncursed ring of shock resistance
 Wands    ('/')
  q - an uncursed wand of cold (0:6)
  c - an uncursed wand of striking (0:5)
 Tools    ('(')
  n - an uncursed magic marker (0:22)
  s - 2 cursed partly used tallow candles
  F - an uncursed tin opener
  y - an uncursed towel
  w - a cursed towel
 Gems/Stones  ('*')
  r - a cursed agate stone
  v - a cursed worthless piece of black glass
  E - 2 uncursed worthless pieces of yellow glass

Jinnora the Wizard's attributes:

Background:
 You were a Conjurer, a level 4 female human Wizard.
 You were neutral, nominally on a mission for Thoth
 who was opposed by Ptah (lawful) and Anhur (chaotic).
 You were right-handed.
 You were in the Dungeons of Doom, on level 4.
 You entered the dungeon 1252 turns ago.
 It was nighttime.
 There was a full moon in effect when your adventure ended.
 You had 81 experience points, 79 more were needed to attain level 5.

Basics:
 You had 0 out of 25 hit points.
 You had all 27 energy points (spell power).
 Your armor class was 9.
 Your wallet contained 74 zorkmids.
 Autopickup was off.

Final Characteristics:
 Your strength was 9 (limit:18/100).
 Your dexterity was 13 (limit:18).
 Your constitution was 15 (limit:18).
 Your intelligence was 18 (limit:18).
 Your wisdom was 8 (limit:18).
 Your charisma was 12 (limit:18).

Final Status:
 You weren't hungry.
 You were unencumbered.
 You were wielding a quarterstaff.
 You had basic skill with quarterstaff.

Final Attributes:
 You were fervently aligned.
 You were magic-protected.
 You were invisible.
 You were warded.
 You were lucky.
 You are dead.

Miscellaneous:
 You didn't encounter any bones levels.
 Total elapsed playing time was 8 minutes and 43 seconds.

Major events:
 Turn
    1: Jinnora the neutral female human Wizard entered the dungeon
  571: attained the rank of Conjurer (level 3)
  746: entered the Gnomish Mines
 1252: killed by a kobold, while frozen by a floating eye's gaze

Spells:
 Name                 Level Category     Fail Retention
 force bolt             1   attack         0%  91%-100%
 wizard lock            2   matter        43%  76%-100%
 restore ability        4   healing       98%  76%-100%

Skills:
 Fighting Skills
   bare handed combat [Unskilled]
   riding             [Unskilled]
 Weapon Skills
   dagger             [Unskilled]
   knife              [Unskilled]
   axe                [Unskilled]
   short sword        [Unskilled]
   club               [Unskilled]
   mace               [Unskilled]
   quarterstaff       [Basic]
   polearms           [Unskilled]
   spear              [Unskilled]
   trident            [Unskilled]
   sling              [Unskilled]
   dart               [Unskilled]
   shuriken           [Unskilled]
 Spellcasting Skills
   attack spells      [Basic]
   healing spells     [Unskilled]
   divination spells  [Unskilled]
   enchantment spells [Basic]
   clerical spells    [Unskilled]
   escape spells      [Unskilled]
   matter spells      [Unskilled]

Voluntary challenges:
 Character rerolling was not enabled.
 You were an atheist.
 You never genocided any monsters.
 You never polymorphed an object.
 You never changed form.
 You used no wishes.
Achievements:
 You entered a shop.
 You attained the rank of Conjurer.
 You entered the Gnomish Mines.

 The Dungeons of Doom: levels 1 to 4
    Level 1:
       Some fountains.
    Level 2:
       An armor shop.
    Level 3:
       A general store.
       Stairs down to The Gnomish Mines.
    Level 4: <- You were here.
       A fountain.
       Final resting place for
          you, killed by a kobold, while frozen by a floating eye's gaze.
 The Gnomish Mines: levels 4 to 5
    Level 4:
    Level 5:


Vanquished creatures:
  a shrieker
  2 gnome leaders
  a gas spore
  3 giant rats
  a yellow mold
  4 gnomes
  6 jackals
  a fox
  2 goblins
  7 grid bugs
  4 lichens
  3 newts
35 creatures vanquished.

No species were genocided or became extinct.

Game over:
                       ----------
                      /          \
                     /    REST    \
                    /      IN      \
                   /     PEACE      \
                  /                  \
                  |     Jinnora      |
                  |      74 Au       |
                  |   killed by a    |
                  |      kobold      |
                  |                  |
                  |                  |
                  |       2026       |
                 *|     *  *  *      | *
        _________)/\\_//(\/(/\)/\//\/|_)_______

Goodbye Jinnora the Wizard...

You died in The Dungeons of Doom on dungeon level 4 with 591 points,
and 74 pieces of gold, after 1252 moves.
You were level 4 with a maximum of 25 hit points when you died.

